Map: Acid Plant LE

Players

Serral - Winner!

  • Race: Zerg Zerg
  • Spawn Location: 11:00

MaNa

  • Race: Protoss Protoss
  • Spawn Location: 5:00

Event: WCS Valencia 2018

VOD

Have the link to the VOD?

Description

Time

  • Played on: July 12, 2018, 1:50 p.m.
  • Length: 20:05

All games in this series

Show
View Real Time Build Order
Export as new Build Order

Serral Zerg - Winner!

Build Orders: Hatch First, Lurkers, Roach Hydra 

Get SALT Encoding   

  12  0:00  Drone  
  13  0:12  Overlord  
  13  0:16  Drone  
  14  0:31  Drone x2  
  16  0:48  Hatchery  
  15  0:51  Drone  
  15  0:55  Drone  
  17  0:58  Drone  
  18  1:09  Extractor  
  17  1:15  Spawning Pool  
  16  1:18  Drone  
  16  1:23  Drone  
  18  1:29  Drone  
  19  1:39  Drone  
  20  1:49  Overlord  
  20  2:01  Queen  
  20  2:02  Zergling x2, Queen  
  20  2:04  Drone  
  26  2:11  Metabolic Boost  
  26  2:13  Drone  
  27  2:16  Drone  
  30  2:22  Drone x2  
  30  2:32  Drone x2  
  32  2:42  Hatchery  
  31  2:46  Overlord  
  31  2:53  Queen  
  31  2:55  Zergling x2  
  31  2:56  Drone  
  34  2:58  Drone  
  34  3:05  Drone x2  
  37  3:11  Drone x3  
  40  3:13  Overlord  
  40  3:15  Zergling x2  
  40  3:19  Zergling x2  
  42  3:20  Spore Crawler  
  42  3:23  Zergling x2  
  42  3:25  Overlord  
  43  3:30  Queen  
  43  3:31  Overlord  
  45  3:34  Drone  
  45  3:38  Drone  
  47  3:43  Drone x4  
  51  3:50  Spore Crawler  
  51  3:51  Drone  
  51  3:54  Drone x2  
  52  3:56  Queen  
  52  4:02  Spore Crawler, Drone  
  54  4:03  Drone  
  54  4:05  Drone  
  54  4:09  Drone x3  
  59  4:12  Drone x2  
  59  4:15  Overlord  
  62  4:17  Drone  
  62  4:21  Lair  
  62  4:25  Extractor x2  
  62  4:26  Drone  
  62  4:27  Drone  
  62  4:30  Drone x2  
  64  4:32  Drone  
  64  4:39  Roach Warren  
  64  4:41  Drone x2  
  64  4:42  Drone  
  64  4:43  Drone  
  64  4:44  Drone  
  68  4:48  Overlord  
  68  4:50  Drone x2  
  68  4:51  Extractor  
  68  4:52  Overlord  
  69  4:59  Overlord  
  69  5:00  Drone x2  
  69  5:03  Evolution Chamber  
  69  5:04  Drone  
  71  5:11  Overlord  
  70  5:15  Drone x2  
  70  5:16  Overlord  
  70  5:19  Roach x3  
  70  5:20  Roach x2  
  82  5:22  Roach x2  
  82  5:24  Glial Reconstitution  
  82  5:25  Overseer  
  86  5:30  Zerg Missile Weapons Level 1  
  86  5:35  Roach x4  
  94  5:40  Overlord  
  94  5:42  Roach  
  96  5:45  Roach x3  
  101  5:50  Drone x5  
  101  5:56  Drone x2  
  108  5:59  Extractor x2, Drone  
  107  6:10  Drone x3  
  110  6:12  Overlord  
  110  6:13  Hydralisk Den  
  110  6:15  Roach x3  
  115  6:18  Overseer  
  115  6:21  Overlord, Hatchery  
  115  6:24  Overlord  
  114  6:33  Overlord x2  
  114  6:34  Overlord  
  114  6:38  Overlord  
  114  6:44  Muscular Augments, Drone x4  
  114  6:46  Lurker Den  
  117  6:52  Extractor  
  117  6:53  Overlord  
  116  6:54  Overlord  
  116  7:00  Hydralisk x7  
  130  7:07  Hydralisk x3  
  135  7:18  Hydralisk x5  
  145  7:26  Overlord  
  145  7:27  Overlord  
  145  7:31  Hydralisk x2  
  145  7:32  Hydralisk  
  151  7:39  Hydralisk  
  151  7:40  Hydralisk x2  
  157  7:47  Hydralisk x2  
  157  7:48  Zergling x8  
  165  7:52  Zergling x8  
  165  7:55  Grooved Spines, Overlord  
  165  7:57  Hydralisk  
  165  7:58  Zergling x4  
  173  8:03  Zergling x10  
  178  8:12  Lurker x3  
  183  8:13  Lurker x2  
  183  8:14  Hydralisk  
  183  8:15  Zergling x6  
  188  8:20  Lurker  
  188  8:23  Hydralisk  
  188  8:24  Zergling x8  
  195  8:27  Overlord  
  195  8:37  Lurker  
  195  8:38  Lurker  
  195  8:39  Zergling x6  
  200  8:48  Zergling x10  
  193  8:58  Hydralisk x5  
  190  9:05  Hydralisk x2  
  190  9:06  Zergling x18  
  190  9:08  Queen  
  169  9:14  Hydralisk x3  
  158  9:20  Hydralisk x3, Overseer  
  158  9:21  Zergling x2  
  144  9:31  Hydralisk x5  
  126  9:36  Drone x4  
  126  9:37  Drone  
  138  9:39  Drone x2  
  138  9:41  Zerg Missile Weapons Level 2  
  140  9:48  Lurker  
  140  9:49  Lurker x2  
  143  9:54  Hydralisk x3  
  143  9:55  Zergling x4  
  147  10:00  Zergling x10  
  152  10:07  Hydralisk x3  
  152  10:08  Zergling x4  
  152  10:13  Hydralisk x3  
  150  10:24  Drone x3  
  150  10:25  Drone x3  
  150  10:29  Drone x2  
  152  10:37  Hydralisk x4  
  152  10:38  Zergling x16  
  152  10:42  Overseer  
  168  10:47  Lurker x2  
  168  10:48  Lurker x2  
  172  10:53  Drone  
  173  10:59  Hydralisk x3  
  173  11:00  Zergling x8  
  183  11:04  Hatchery  
  183  11:07  Queen  
  184  11:13  Hydralisk x5  
  193  11:24  Hydralisk x5  
  177  11:31  Zergling x18  
  180  11:43  Lurker x3  
  180  11:46  Extractor, Drone x4  
  186  11:49  Hydralisk x3  
  186  11:50  Zergling x12  
  198  11:54  Hydralisk  
  200  12:04  Overlord  
  194  12:10  Hydralisk x3  
  194  12:11  Zergling x10  
  190  12:19  Lurker x4  
  190  12:21  Zergling x2  
  190  12:22  Zergling x10  
  200  12:26  Zergling x4  
  200  12:27  Lurker  
  184  12:41  Hydralisk x7  
  195  12:49  Zergling x18  
  196  12:57  Zergling x22  
  189  13:10  Queen  
  191  13:13  Infestation Pit, Drone  
  189  13:21  Hydralisk x5  
  189  13:24  Lurker  
  200  13:28  Spine Crawler x3  
  200  13:30  Zerg Melee Weapons Level 1, Spore Crawler  
  200  13:31  Drone x2  
  187  13:48  Hydralisk x6  
  187  13:51  Hive  
  187  13:52  Drone  
  197  14:04  Hydralisk x3  
  197  14:05  Zergling x4  
  199  14:11  Extractor, Spire  
  199  14:15  Hydralisk  
  199  14:17  Drone x3  
  175  14:22  Hydralisk x9  
  175  14:23  Zergling x16  
  161  14:27  Hydralisk x2  
  155  14:32  Hydralisk x2  
  155  14:37  Hydralisk x2, Lurker  
  155  14:38  Hydralisk  
  166  14:40  Zergling x6  
  160  14:49  Zergling x16  
  161  14:55  Drone x2  
  161  14:56  Drone x2  
  161  14:58  Hydralisk x2  
  169  15:10  Lurker x2  
  169  15:11  Lurker  
  172  15:18  Lurker x2  
  172  15:19  Overseer  
  172  15:20  Zergling x16  
  172  15:21  Hatchery  
  174  15:40  Lurker x3  
  174  15:41  Hydralisk x6  
  180  15:44  Zergling x16  
  188  15:55  Zergling x22  
  174  16:01  Hydralisk  
  174  16:02  Hydralisk, Zergling x8  
  168  16:11  Lurker  
  168  16:12  Zergling x2, Lurker, Zerg Missile Weapons Level 3  
  168  16:13  Zergling x6  
  174  16:21  Hydralisk x2  
  174  16:22  Zergling x10  
  183  16:27  Greater Spire  
  183  16:35  Adaptive Talons  
  180  16:43  Overseer, Drone  
  180  16:45  Extractor  
  180  16:46  Drone x3  
  183  16:47  Drone x2  
  183  16:49  Hydralisk x3  
  183  16:50  Hydralisk x4  
  193  16:58  Zergling x12  
  174  17:24  Hydralisk x8, Zergling x2  
  174  17:25  Zergling x20  
  174  17:27  Zergling x2  
  174  17:28  Zergling x2  
  170  17:32  Hydralisk x2  
  170  17:33  Zergling x4  
  165  17:39  Hydralisk x3  
  165  17:42  Lurker x2  
  165  17:43  Lurker  
  174  17:48  Hydralisk x3  
  177  17:52  Lurker  
  177  17:55  Pneumatized Carapace  
  177  17:56  Extractor  
  177  17:57  Drone  
  178  18:02  Zergling x16  
  185  18:12  Extractor  
  180  18:21  Hatchery  
  180  18:24  Hydralisk x7  
  190  18:35  Overseer x2  
  190  18:38  Corruptor x3  
  196  18:43  Corruptor  
  191  18:59  Corruptor  
  193  19:06  Spine Crawler  
  192  19:11  Overlord x2  
  192  19:13  Brood Lord x2  
  192  19:17  Brood Lord x2  
  186  19:25  Hydralisk x3  
  186  19:26  Zergling x24  
  193  19:35  Brood Lord  
  191  19:40  Extractor, Spore Crawler  
  191  19:44  Extractor  
Show
View Real Time Build Order
Export as new Build Order

MaNa Protoss 

Build Orders: 1 Gate Expand, Oracle Opening, Phoenix Opening, Archon Immortal, Zealot Archon, Archon Drop 

Get SALT Encoding   

  12  0:00  Probe  
  13  0:12  Probe  
  14  0:18  Pylon  
  14  0:24  Probe  
  15  0:32  Probe  
  15  0:38  Assimilator  
  15  0:40  Probe  
  16  0:48  Gateway  
  17  0:50  Probe  
  18  0:58  Probe  
  19  1:06  Probe  
  20  1:27  Nexus  
  20  1:37  Cybernetics Core  
  20  1:41  Probe  
  21  1:47  Assimilator  
  21  1:53  Probe  
  22  1:58  Pylon  
  22  2:04  Probe  
  23  2:12  Probe  
  23  2:14  Warp Gate  
  23  2:16  Adept  
  23  2:21  Probe  
  26  2:24  Stargate  
  27  2:32  Probe  
  27  2:35  Probe  
  28  2:43  Adept, Probe  
  30  2:44  Probe  
  32  2:53  Probe  
  32  2:56  Probe  
  34  3:00  Phoenix  
  35  3:05  Probe  
  35  3:08  Probe  
  38  3:17  Probe  
  38  3:19  Gateway  
  39  3:20  Probe  
  39  3:23  Oracle  
  43  3:29  Probe  
  43  3:30  Assimilator  
  43  3:32  Probe, Assimilator  
  45  3:40  Robotics Facility  
  45  3:44  Pylon  
  45  3:45  Probe  
  46  3:57  Twilight Council  
  46  3:59  Probe  
  46  4:00  Probe  
  46  4:02  Pylon  
  48  4:07  Probe  
  48  4:08  Probe  
  48  4:15  Pylon  
  48  4:17  Probe  
  50  4:19  Gateway  
  50  4:20  Gateway  
  50  4:22  Probe  
  52  4:34  Warp Prism  
  52  4:36  Probe  
  55  4:41  Zealot x2  
  55  4:45  Templar Archives  
  59  4:57  Forge  
  59  5:06  Nexus  
  59  5:12  Pylon  
  59  5:22  High Templar x4  
  59  5:23  Observer  
  59  5:26  Archon x2  
  59  5:27  Probe x2  
  69  5:29  Protoss Ground Weapons Level 1  
  69  5:35  Shield Battery  
  70  5:38  Robotics Facility  
  70  5:41  Probe x2  
  72  5:46  Charge  
  72  5:53  Immortal  
  72  5:54  Probe x2  
  78  6:03  Pylon  
  78  6:04  Pylon  
  78  6:17  Immortal, Probe x3  
  81  6:22  Pylon  
  81  6:24  Immortal  
  81  6:29  Probe x3  
  81  6:30  Sentry  
  94  6:41  Probe  
  95  6:51  Probe, Pylon  
  95  6:56  Immortal, Assimilator  
  95  6:57  Gateway  
  95  6:59  Gateway  
  99  7:01  Assimilator  
  99  7:03  Gateway  
  99  7:04  Gateway  
  99  7:07  Protoss Ground Weapons Level 2  
  99  7:09  Probe  
  99  7:10  Probe  
  99  7:11  Immortal  
  99  7:13  Photon Cannon  
  105  7:17  Psionic Storm  
  105  7:25  Probe x2  
  107  7:30  High Templar  
  107  7:32  Probe  
  110  7:37  Probe x2  
  110  7:40  High Templar  
  110  7:41  Immortal  
  110  7:42  Immortal  
  114  7:50  Pylon, Probe x2  
  120  7:53  Pylon  
  124  8:00  Photon Cannon  
  124  8:01  Photon Cannon  
  124  8:02  Shield Battery  
  124  8:11  High Templar, Pylon x2  
  124  8:12  High Templar  
  128  8:13  Pylon  
  128  8:15  Pylon  
  128  8:22  Immortal  
  128  8:27  Zealot  
  128  8:28  Sentry, Zealot  
  128  8:30  Zealot  
  128  8:32  Probe x2  
  138  8:40  Immortal  
  140  8:51  Zealot x6  
  140  8:52  Zealot  
  149  9:05  Archon x2  
  149  9:07  Zealot  
  142  9:11  Protoss Ground Weapons Level 3  
  142  9:16  Observer  
  127  9:17  Zealot x7  
  115  9:30  Immortal  
  119  9:39  High Templar x4  
  119  9:42  Sentry x2  
  131  9:49  Nexus  
  131  9:50  Pylon  
  131  9:51  Photon Cannon  
  131  9:52  Photon Cannon  
  131  10:01  High Templar  
  131  10:02  High Templar  
  135  10:07  Immortal  
  135  10:12  Immortal, Zealot x5  
  135  10:13  Zealot  
  139  10:35  Oracle  
  138  10:38  Zealot x3  
  138  10:42  Immortal  
  144  10:48  Photon Cannon  
  148  10:50  Photon Cannon, Observer  
  148  10:53  Zealot x3  
  155  10:57  Photon Cannon  
  155  11:02  High Templar x2  
  159  11:06  Archon  
  159  11:08  Zealot  
  159  11:09  Photon Cannon  
  162  11:11  Observer  
  162  11:12  Zealot  
  162  11:20  Archon  
  162  11:22  Zealot x4  
  155  11:31  Observer  
  145  11:42  Nexus  
  145  11:44  Immortal  
  145  11:45  High Templar x4  
  153  11:50  High Templar, Archon x2  
  159  11:55  Zealot  
  151  12:17  Pylon  
  151  12:20  Zealot  
  151  12:21  Zealot x6  
  165  12:35  Immortal  
  169  12:38  High Templar  
  169  12:42  Zealot  
  163  12:55  Zealot x4  
  157  13:01  High Templar x2  
  156  13:12  High Templar x2  
  160  13:18  Immortal x2  
  168  13:20  High Templar x2  
  168  13:22  Assimilator  
  168  13:25  Archon  
  169  13:47  Oracle  
  157  13:48  Zealot x3  
  157  13:49  Zealot x3  
  167  13:57  Immortal  
  167  13:58  Observer  
  159  14:10  Observer  
  149  14:18  Zealot x7  
  149  14:19  Zealot  
  131  14:28  Immortal  
  131  14:39  High Templar x3  
  131  14:40  High Templar x4  
  139  14:46  Protoss Ground Armor Level 1  
  125  14:53  Immortal  
  125  14:55  Probe x3  
  125  14:57  Assimilator  
  132  15:05  Blink  
  132  15:07  Immortal, Probe x2  
  138  15:21  High Templar x2  
  138  15:25  Archon  
  138  15:26  Probe x3  
  138  15:27  Probe  
  142  15:38  Probe x3  
  142  15:39  Probe  
  142  15:42  Archon  
  142  15:46  Zealot x6  
  136  15:57  Zealot x2  
  128  16:11  Archon x2  
  128  16:12  High Templar x3, Archon x2  
  128  16:13  High Templar x3  
  139  16:24  Immortal x2  
  140  16:43  Nexus  
  140  16:46  Protoss Ground Armor Level 2  
  138  16:55  Pylon  
  138  16:56  Fleet Beacon  
  138  16:59  Probe x4  
  142  17:02  Assimilator  
  142  17:08  Assimilator  
  142  17:11  Probe x4  
  126  17:23  Zealot x5, Probe  
  126  17:24  Zealot x2  
  126  17:26  Archon  
  126  17:27  Archon x2  
  126  17:28  Zealot  
  106  17:40  Probe x4  
  110  17:44  Observer  
  110  17:46  High Templar x3  
  110  17:51  High Templar  
  118  17:52  High Templar, Probe x2  
  122  17:58  Zealot  
  122  18:03  Immortal  
  124  18:10  Zealot  
  128  18:15  Immortal  
  129  18:36  Immortal  
  129  18:47  Observer  
  130  18:54  Immortal  
  134  18:57  Zealot x6  
  143  19:05  Zealot x2  
  143  19:06  Observer  
  145  19:32  Stalker x3  
  145  19:33  Stalker  
  110  19:53  Zealot x4  
Tags
 
Add a new tag
Caveats
  • Supply blocks, unpowered buildings, or Contaminate may cause inaccurate times.
  • Supply counts are checked every 10 seconds.